 Dungeon Crawl Stone Soup version 0.30-a0-937-ga0a21ad780 (webtiles) character file.

Game seed: 11085840780403577518

110 BlueFish the Grasshopper (level 4, -1/30 HPs)
             Began as an Octopode Warper on Mar 24, 2023.
             Slain by an orc
             ... wielding a +0 short sword
              (4 damage)
             ... on level 3 of the Dungeon.
             The game lasted 00:02:56 (2036 turns).

BlueFish the Grasshopper (Octopode Warper)          Turns: 2036, Time: 00:02:57

Health: -1/30      AC:  1    Str: 12    XL:     4   Next: 91%
Magic:  7/7        EV: 13    Int: 15    God:
Gold:   97         SH:  0    Dex: 11    Spells: 0/7 levels left

rFire   . . .      SeeInvis .      - Unarmed
rCold   . . .      Faith    .    (no shield)
rNeg    . . .      Spirit   .    (helmet restricted)
rPois   .          Reflect  .    (no amulet)
rElec   .          Rampage  .    (no ring)
rCorr   .                        (no ring)
Will    .....                    (no ring)
Stlth   +++                      (no ring)
HPRegen 0.25/turn                (no ring)
MPRegen 0.10/turn                (no ring)
                                 (no ring)
                                 (no ring)

@: no status effects
A: almost no armour, amphibious, 8 rings, camouflage 1, gelatinous body 1,
(nimble swimmer 1), tentacles
a: no special abilities


You were on level 3 of the Dungeon.
You visited 1 branch of the dungeon, and saw 3 of its levels.

You collected 97 gold pieces.

Inventory:

Missiles
 b - 7 boomerangs of dispersal
 d - 4 curare-tipped darts
 e - 41 stones (quivered)
 l - 4 poisoned darts
Scrolls
 a - a scroll of blinking
 c - a scroll of magic mapping {unknown}
 h - a scroll of enchant weapon {unknown}
 j - a scroll of amnesia {unknown}
 n - a scroll of acquirement {unknown}
 o - 2 scrolls of fear {unknown}
 p - a scroll of butterflies {unknown}
 r - a scroll of identify {unknown}
Potions
 f - a potion of brilliance {unknown}
 g - a potion of resistance {unknown}
 i - a potion of degeneration {unknown}
 k - a potion of curing {unknown}
 q - a potion of might {unknown}


   Skills:
 + Level 2.5 Fighting
 + Level 1.6 Throwing
 + Level 2.7 Dodging
 * Level 3.2 Stealth
 + Level 2.4 Unarmed Combat
 + Level 2.4 Spellcasting
 + Level 3.3 Translocations


You couldn't memorise any spells.
You knew the following spells:

 Your Spells              Type           Power      Damage    Failure   Level
a - Blink                 Tloc           22%        N/A       9%          2
b - Lesser Beckoning      Tloc           22%        N/A       9%          2
c - Teleport Other        Tloc           11%        N/A       16%         3

Your spell library contained the following spells:

 Spells                   Type           Power      Damage    Failure   Level
 Vhi's Electric Charge    Tloc/Air       12%        N/A       32%         3
 Manifold Assault         Tloc           11%        N/A       47%         4


Dungeon Overview and Level Annotations

Branches:
Dungeon (3/15)

Altars:


Innate Abilities, Weirdness & Mutations

You cannot wear most types of armour.
You are amphibious.
You can wear up to eight rings at the same time.
Your skin changes colour to match your surroundings (Stealth+).
Your rubbery body absorbs attacks. (AC +1, EV +1)
((You are camouflaged when in or above water. (Stealth+)))
You have tentacles for arms and can constrict up to eight enemies at once.


Message History

The orc completely misses you.
You tentacle-slap the orc. You grab the orc. You squeeze the orc.
You kill the orc!
You closely miss the orc. You grab the orc.
The orc is lightly wounded.
You constrict the orc, but do no damage.
The orc hits you with a +0 hand axe.
You barely miss the orc. You squeeze the orc.
The orc is severely wounded.
You constrict the orc.
You kill the orc!
You barely miss the orc. You grab the orc. You constrict the orc.
The orc hits you with a +0 club. The orc barely misses you.
You completely miss the orc. You squeeze the orc.
You kill the orc!
The orc hits you from afar with a +0 trident!
* * * LOW HITPOINT WARNING * * *
The orc attacks as you move away! The orc hits you with a +0 short sword.
* * * LOW HITPOINT WARNING * * *
The orc misses you.
Items here: ))) [ †.
You tentacle-slap the orc. You grab the orc. You squeeze the orc.
The orc is severely wounded.
You constrict the orc, but do no damage.
The orc closely misses you. The orc barely misses you.
You closely miss the orc. You grab the orc.
You constrict the orc, but do no damage. x2
The orc closely misses you. The orc hits you but does no damage.
You tentacle-slap the orc but do no damage.
The orc is severely wounded.
You constrict the orc, but do no damage.
You constrict the orc. The orc hits you with a +0 short sword.
* * * LOW HITPOINT WARNING * * *
The orc closely misses you.
You tentacle-slap the orc.
The orc is lightly wounded.
You constrict the orc.
You kill the orc!
You constrict the orc. The orc hits you with a +0 short sword.
You die...

.^.. ##+###.##.<..#
# .###
#......##....####.#
.#
#......##.........#
#
#.....o##.........#
.#.....o##.........#
#
.........###..####.#
.. .#.......#
#........ ..
.........###.###....
..
.........)@o.....###
.
#######..###.###....
#### #..........#..
.....##.###.###.#..
...................
......#.###.###.###
#####.#.# #.# #.#.#
#.# #...#..........


You could see an orc.

Vanquished Creatures
  A hound (D:2)
  2 adders
  A worm (D:2)
  9 orcs (D:3)
  4 ball pythons
  4 bats
  4 endoplasms
  5 goblins
  4 hobgoblins
  3 quokkas
  2 frilled lizards
  5 kobolds
  5 rats
49 creatures vanquished.

Vanquished Creatures (others)
  A plant (D:1)
1 creature vanquished.

Grand Total: 50 creatures vanquished

Notes
Turn   | Place    | Note
-------+----------+-------------------------------------------
     0 | D:1      | BlueFish the Octopode Warper began the quest for the Orb.
     0 | D:1      | Reached XP level 1. HP: 14/14 MP: 3/3
    88 | D:1      | Found a faded altar of an unknown god.
   118 | D:1      | Reached skill level 1 in Stealth
   120 | D:1      | Reached XP level 2. HP: 19/19 MP: 5/5
   144 | D:1      | Learned a level 2 spell: Blink
   190 | D:1      | Learned a level 2 spell: Lesser Beckoning
   405 | D:1      | Reached XP level 3. HP: 24/24 MP: 6/6
   861 | D:2      | Reached XP level 4. HP: 23/29 MP: 7/7
   865 | D:2      | Learned a level 3 spell: Teleport Other
  2036 | D:3      | Slain by an orc

Illustrated notes

Levels and vault maps discovered:
D:1:      amcnicky_arrival_abandoned_market, layout_rooms,
          shapermc_ecumenical_altar_gd, serial_glass, glass_columns_b,
          glass_columns_a
D:2:      layout_basic
D:3:      minmay_recursive_quarters, layout_basic, uniq_grinder

Skill      XL: |  1  2  3  4 |
---------------+-------------+-----
Stealth        | 1 2 3 |  3.2
Fighting       | |  2.5
Throwing       | |  1.6
Dodging        | |  2.7
Unarmed Combat | |  2.4
Spellcasting   | |  2.4
Translocations | |  3.3

Action                     |  1- 3 |  4- 6 || total
---------------------------+-------+-------++-------
  Melee: Unarmed           |    60 |    46 ||   106
         Constrict         |    13 |    16 ||    29
         Tentacles         |    11 |    11 ||    22
         Punch             |     1 |     1 ||     2
  Throw: Dart              |     8 |       ||     8
         Stone             |       |     2 ||     2
    Use: Potion            |       |     2 ||     2
   Stab: Sleeping          |     4 |     5 ||     9
 Armour: Skin              |     6 |     4 ||    10
  Dodge: Dodged            |    27 |    31 ||    58

Table legend: (Time is in decaauts)
 A = Elapsed time spent in this place.
 B = Non-inter-level travel time spent in this place.
 C = Inter-level travel time spent in this place.
 D = Time resting spent in this place.
 E = Time spent auto-exploring this place.
 F = Levels seen in this place.
 G = Mean time per level.
                   A        B        C        D        E       F      G
               +--------+--------+--------+--------+--------+-----+--------+
         Total |   2032 |   1982 |     50 |      0 |   1616 |   3 |  677.3 |
       Dungeon |   2032 |   1982 |     50 |      0 |   1616 |   3 |  677.3 |
               +--------+--------+--------+--------+--------+-----+--------+

Top non-repeatable levels by time:
     D:2: 868 daAuts
     D:1: 738 daAuts
     D:3: 425 daAuts
